 Dungeon Crawl Stone Soup version 0.22-a0-254-gaf95ca0 (webtiles) character file.

382 mhoghedin the Skirmisher (level 6, -5/48 HPs)
             Began as a Mummy Fighter on Mar 4, 2018.
             Killed from afar by an orc wizard (9 damage)
             ... with a puff of flame
             ... on level 4 of the Dungeon.
             The game lasted 00:06:12 (3406 turns).

mhoghedin the Skirmisher (Mummy Fighter)            Turns: 3406, Time: 00:06:13

Health: -5/48      AC:  6    Str: 20    XL:     6   Next: 47%
Magic:  6/6        EV:  9    Int:  7    God:
Gold:   116        SH:  9    Dex: 11    Spells: 5/5 levels left

rFire    x . .     SeeInvis .   a - +0 flail
rCold    + . .     Gourm    .   c - +0 shield
rNeg     + + +     Faith    .   h - +0 ring mail
rPois    ∞         Spirit   .   (no helmet)
rElec    .         Reflect  .   e - +0 cloak
rCorr    .         Harm     .   (no gloves)
MR       .....                  (no boots)
Stlth    +.........             (no amulet)
HPRegen  0.16/turn              g - -2 ring of dexterity
MPRegen  0.10/turn              i - ring of wizardry {Wiz+, !d}

@: no status effects
A: no food or potions, fire vulnerability, cold resistance 1, negative energy
resistance 3, torment resistance, unbreathing
a: no special abilities


You were on level 4 of the Dungeon.
You were not hungry.

You visited 1 branch of the dungeon, and saw 4 of its levels.

You collected 116 gold pieces.

Inventory:

Hand Weapons
 a - a +0 flail (weapon)
 b - a +0 spear of venom
   (You took it off a gnoll on level 3 of the Dungeon)
Armour
 c - a +0 shield (worn)
 e - a +0 cloak (worn)
   (You found it on level 1 of the Dungeon)
 h - a +0 ring mail (worn)
   (You found it on level 2 of the Dungeon)
Jewellery
 g - a -2 ring of dexterity (left hand)
   (You found it on level 1 of the Dungeon)
 i - a ring of wizardry (right hand) {Wiz+, !d}
   (You found it on level 3 of the Dungeon)
Scrolls
 d - 2 scrolls of enchant weapon
 f - a scroll of identify


   Skills:
 + Level 4.1 Fighting
 + Level 2.9 Maces & Flails
 + Level 3.4 Armour
 + Level 2.0 Dodging
 + Level 3.5 Shields


You had 5 spell levels left.
You didn't know any spells.

Dungeon Overview and Level Annotations

Branches:
Dungeon (4/15)
 Temple: D:4-7

Altars:

Annotations:
D:3 braks's ghost, amateur GnFE


Innate Abilities, Weirdness & Mutations

You do not eat or drink.
Your flesh is vulnerable to fire.
You are immune to poison.
Your flesh is cold resistant. (rC+)
You are immune to negative energy. (rN+++)
You are immune to unholy pain and torment.
You can survive without breathing.


Message History

Items here: ))) [[ ††† A kobold is nearby!
A kobold is nearby!
The kobold shouts!
Things that are here:
a short sword; a chain mail; a glowing ruby potion You miss the kobold.
You block the kobold's attack.
You miss the kobold. The kobold closely misses you. x2
You hit the kobold.
You kill the kobold!
No target in view!
No target in view!
No target in view!
No target in view!
No target in view!
No target in view!
No target in view!
No target in view!
No target in view!
No target in view!
No target in view!
No target in view!
You see here a club.
You see here a stone.
You see here a +2 short sword of venom.
The gnoll is too close now for your liking.
There are monsters nearby!
Braks's ghost hits you but does no damage.
A big kobold comes into view. It is wielding a club.
You closely miss braks's ghost. Braks's ghost hits you!
You take 7 damage, and have 41/48 hp.
You can't drink.
Okay, then.
Unknown command.
Unknown command.
Braks's ghost says, "Don't worry, you'll be warm in a moment."
Here: braks's ghost The floor.
Unknown command.
A kobold comes into view. It is wielding a flail.
An orc comes into view.
Here: braks's ghost The floor.
You barely miss braks's ghost.
Braks's ghost hits you but does no damage.
The gnoll hits you from afar with a halberd!
The kobold closely misses you.
Braks's ghost hits you but does no damage.
You take 8 damage, and have 33/48 hp.
You sock the kobold!
You kill the kobold!
You block the gnoll's attack. The orc hits you but does no damage.
Braks's ghost hits you. The orc hits you.
You see here a flail.
You take 2 damage, and have 31/48 hp.
You block the orc's attack.
There is a stone staircase leading down here.
The orc hits you. Braks's ghost completely misses you.
You climb downwards. 2 orcs, an orc priest and 2 orc wizards come into view.
The orc wizard shouts!
The orc shouts!
The orc wizard shouts!
The orc shouts!
There is a stone staircase leading up here.
You take 1 damage, and have 30/48 hp.
You block the orc's attack.
The orc priest invokes the aid of Beogh against you.
Beogh smites you!
* * * LOW HITPOINT WARNING * * *
You take 16 damage, and have 14/48 hp.
MASSIVE DAMAGE!!
The orc priest invokes the aid of Beogh against you.
Beogh smites you!
* * * LOW HITPOINT WARNING * * *
You see here 12 gold pieces.
You take 12 damage, and have 3/48 hp.
MASSIVE DAMAGE!!
You don't have any unidentified items.
You barely miss the orc. The orc barely misses you.
You hit the orc.
You kill the orc!
You sock the orc wizard! You barely miss the orc wizard.
The orc wizard hits you but does no damage. x2
You closely miss the orc wizard. The orc wizard hits you with a dagger.
* * * LOW HITPOINT WARNING * * *
You block the orc wizard's attack. x2
You take 2 damage, and have 2/48 hp.
You barely miss the orc wizard.
The orc wizard mumbles some strange words.
The orc wizard blinks!
The orc priest miscasts a cantrip.
You block the orc wizard's attack.
The orc wizard casts a spell.
The orc wizard blinks!
The orc priest calls upon Beogh to heal the orc wizard.
The orc wizard is healed somewhat.
The orc priest looks satisfied for a moment.
The orc wizard gestures at you while chanting.
The puff of flame hits you! The fire burns you terribly!
You die...

#.$...o.......
##†#..o.o......
#o.#...........
#.###..........
#.# #..........
#o# ##..(......
#o## ###.......
#..## ###....
##.@#
##........
#########


You could see an orc wizard and an orc.

Vanquished Creatures
  Sigmund (D:3)
  2 orc wizards (D:3)
  2 gnolls (D:3)
  4 adders
  An ooze (D:3)
  5 worms
  A dart slug (D:2)
  3 leopard geckos
  9 orcs
  3 ball pythons
  2 giant cockroaches (D:3)
  7 goblins
  10 hobgoblins
  6 jackals (D:2)
  20 kobolds
  11 bats
  4 frilled lizards
  6 rats
97 creatures vanquished.

Notes
Turn   | Place    | Note
-------+----------+-------------------------------------------
     0 | D:1      | mhoghedin the Mummy Fighter began the quest for the Orb.
     0 | D:1      | Reached XP level 1. HP: 18/18 MP: 1/1
    31 | D:1      | HP: 3/18 [kobold/short sword of venom (5)]
   371 | D:1      | Reached XP level 2. HP: 24/24 MP: 2/2
   794 | D:1      | Reached XP level 3. HP: 29/29 MP: 3/3
   797 | D:1      | Reached skill level 2 in Maces & Flails
  1138 | D:2      | HP: 7/29 [worm (4)]
  1164 | D:2      | HP: 7/29 [jackal (2)]
  1167 | D:2      | HP: 3/29 [jackal (1)]
  1168 | D:2      | HP: 1/29 [jackal (2)]
  1540 | D:2      | Reached XP level 4. HP: 31/35 MP: 4/4
  1748 | D:3      | Noticed Sigmund
  1757 | D:3      | Reached skill level 1 in Dodging
  1992 | D:3      | Reached skill level 3 in Shields
  2030 | D:3      | Reached skill level 3 in Armour
  2240 | D:3      | Reached XP level 5. HP: 16/42 MP: 5/5
  2258 | D:3      | HP: 10/42 [kobold/dagger (1)]
  2264 | D:2      | HP: 9/42 [kobold/dagger (1)]
  2508 | D:3      | Noticed braks's ghost (amateur GnFE)
  2752 | D:3      | HP: 7/42 [Sigmund/scythe of protection (5)]
  2759 | D:3      | HP: 6/42 [Sigmund/scythe of protection (3)]
  2767 | D:3      | Killed Sigmund
  2767 | D:3      | Reached skill level 4 in Fighting
  2767 | D:3      | Reached XP level 6. HP: 5/48 MP: 6/6
  3048 | D:3      | Reached skill level 2 in Dodging
  3392 | D:4      | HP: 3/48 [orc priest/divine providence (12)]
  3399 | D:4      | HP: 2/48 [orc wizard/dagger (2)]
  3406 | D:4      | Killed from afar by an orc wizard

Vault maps used:
D:1:      dpeg_arrival_rhombi
D:2:      first_ration
D:3:      cheibrodos_thug_alley, lemuel_zombie_altar_yredelemnul, uniq_sigmund
D:4:      serial_undead, serial_undead_b, serial_undead_d, serial_undead_b,
          serial_undead_f, serial_undead_a, serial_undead_a, serial_undead_f,
          serial_undead_c, uniq_robin, uniq_purgy, uniq_blork_the_orc,
          uniq_ijyb, uniq_pikel

Skill      XL: |  1  2  3  4  5  6 |
---------------+-------------------+-----
Maces & Flails | 2 |  2.9
Dodging        | 1 2 |  2.0
Shields        | 3 |  3.5
Armour         | 3 |  3.4
Fighting       | 4 |  4.1

Action                   |  1- 3 |  4- 6 || total
-------------------------+-------+-------++-------
Melee: Flail             |    19 |    14 ||    33
       Short sword       |   125 |    72 ||   197
       Spear             |       |    91 ||    91
  Use: Scroll            |     2 |     3 ||     5
Armor: Scale mail        |    68 |       ||    68
       Ring mail         |    14 |    44 ||    58
Dodge: Dodged            |    62 |    51 ||   113
Block: Shield            |    97 |    80 ||   177

Table legend:
 A = Spawn XP
 B = Non-spawn XP
 C = Spawn XP percentage of total XP
 D = Spawn monster count
 E = Non-spawn monster count
 F = Spawn count percentage of total count
 G = Total turns spent on level
                    A         B        C        D         E        F      G
               +---------+---------+-------+---------+---------+-------+---------
         Total |       0 |     546 |   0.0 |       0 |      97 |   0.0 |  3406
               +---------+---------+-------+---------+---------+-------+---------
           D:1 |       0 |      46 |   0.0 |       0 |      28 |   0.0 |   974
           D:2 |       0 |      77 |   0.0 |       0 |      26 |   0.0 |  1368
           D:3 |       0 |     420 |   0.0 |       0 |      42 |   0.0 |  1046
           D:4 |       0 |       3 |   0.0 |       0 |       1 |   0.0 |    18
               +---------+---------+-------+---------+---------+-------+---------

Vault maps used:
D:1:      dpeg_arrival_rhombi
D:2:      first_ration
D:3:      cheibrodos_thug_alley, lemuel_zombie_altar_yredelemnul, uniq_sigmund
D:4:      serial_undead, serial_undead_b, serial_undead_d, serial_undead_b,
          serial_undead_f, serial_undead_a, serial_undead_a, serial_undead_f,
          serial_undead_c, uniq_robin, uniq_purgy, uniq_blork_the_orc,
          uniq_ijyb, uniq_pikel

Table legend:
 A = Turns spent in this place as a percentage of turns spent in the entire game.
 B = Non-inter-level travel turns spent in this place as a percentage of non-inter-level travel turns spent in the entire game.
 C = Inter-level travel turns spent in this place as a percentage of turns spent in this place.
 D = Turns resting spent in this place as a percentage of non-inter-level travel turns spent in this place.
 E = Turns spent auto-exploring this place as a percentage of non-inter-level travel turns spent in this place.
 F = Non-inter-level travel turns spent in this place divided by the number of levels of this place that you've seen.
                   A       B       C       D       E      F
               +-------+-------+-------+-------+-------+----------------------
         Total | 100.0 | 100.0 |   3.1 |  47.1 |  31.0 | 825.2
       Dungeon | 100.0 | 100.0 |   3.1 |  47.1 |  31.0 | 825.2
               +-------+-------+-------+-------+-------+----------------------

Table legend:
 A = Kills in this place as a percentage of kills in entire the game.
 B = Kills by you in this place as a percentage of kills by you in the entire game.
 C = Kills by friends in this place as a percentage of kills by friends in the entire game.
 D = Other kills in this place as a percentage of other kills in the entire game.
 E = Experience gained in this place as a percentage of experience gained in the entire game.
 F = Experience gained in this place divided by the number of levels of this place that you have seen.
                   A       B       C       D       E      F
               +-------+-------+-------+-------+-------+----------------------
         Total | 100.0 | 100.0 |   N/A |   N/A | 100.0 | 136.5
       Dungeon | 100.0 | 100.0 |   N/A |   N/A | 100.0 | 136.5
               +-------+-------+-------+-------+-------+----------------------
